 Dungeon Crawl Stone Soup version 0.17-a0-1718-g72dbe4d (webtiles) character file.

26410 karlkraus the Blocker (level 12, -11/107 HPs)
             Began as a Minotaur Fighter on Aug 24, 2015.
             Was a High Priest of Makhleb.
             Splashed by an oklob plant's acid (12 damage)
             ... on level 1 of the Lair of Beasts.
             The game lasted 00:41:41 (11062 turns).

karlkraus the Blocker (Minotaur Fighter)           Turns: 11062, Time: 00:41:44

Health: -11/107    AC:  4    Str: 27    XL:     12   Next: 98%
Magic:  20/20      EV: 13    Int:  7    God:    Makhleb [*****.]
Gold:   830        SH: 15    Dex: 12    Spells: 0 memorised, 11 levels left

rFire  . . .     SeeInvis .     r - +4 mace (protect)
rCold  + + .     Clarity  .     a - +1 chain mail of Dyhip {-Cast Regen+ MP+9 Str+5}
rNeg   . . .     SustAt   .     c - +1 shield
rPois  .         Gourm    .     E - +2 hat
rElec  +         Spirit   .     q - +1 cloak
rCorr  .         Warding  .     j - +0 pair of gloves
rMut   .         Stasis   +     (no boots)
MR     +....     NoCast   +     x - amulet of stasis
Stlth  ..........               D - ring of protection from magic
                                G - ring of protection from cold

@: corroded equipment, somewhat resistant to hostile enchantments, extremely
unstealthy
A: retaliatory headbutt, horns 2, clever 1, clumsy 1, cold resistance 1,
electricity resistance, spit poison 1
a: Spit Poison, Minor Destruction, Lesser Servant of Makhleb, Major Destruction,
Greater Servant of Makhleb, Renounce Religion


You were on level 1 of the Lair of Beasts.
You worshipped Makhleb.
Makhleb was extremely pleased with you.
You were hungry.

You visited 3 branches of the dungeon, and saw 14 of its levels.
You also visited: Ossuary and Ice Cave.

You collected 830 gold pieces.

Inventory:

Hand weapons
 b - a +1 morningstar of venom
 r - a +4 mace of protection (weapon)
 K - a +1 flail of draining
Armour
 a - the +1 chain mail of Dyhip (worn) {-Cast Regen+ MP+9 Str+5}
   (You found it on level 5 of the Dungeon)

   It affects your strength (+5).
   It affects your magic capacity (+9).
   It prevents spellcasting.
   It increases your rate of regeneration.
 c - a +1 shield (worn)
 j - a +0 pair of gloves (worn)
 q - a +1 cloak (worn)
 E - a +2 hat (worn)
 N - the +1 ring mail of the Lotus Blossom {rN+++ Int-4 Dex+2 SInv}
   (You found it in an ice cave)

   It affects your intelligence (-4).
   It affects your dexterity (+2).
   It renders you almost immune to negative energy.
   It lets you see invisible.
Jewellery
 i - an uncursed ring of flight
 m - the ring "Jurodage" {MR+ Str+5 Dex+9, unknown}
   (You found it in an ice cave)

   [ring of protection from magic]

   It affects your strength (+5).
   It affects your dexterity (+9).
   It affects your resistance to hostile enchantments.
 x - an amulet of stasis (around neck)
 D - a ring of protection from magic (right hand)
 G - a ring of protection from cold (left hand)
Magical devices
 k - a wand of cold (7)
 o - a wand of heal wounds (1)
 H - a wand of enslavement (6)
 M - a wand of cold (10)
 O - a wand of flame (33)
 P - a wand of magic darts (25)
 Q - a wand of paralysis (8)
 S - a wand of confusion (30)
 T - a wand of paralysis (15)
Scrolls
 s - 7 scrolls of remove curse
 y - 2 scrolls of fog
 B - 3 scrolls of immolation
 C - 3 scrolls of recharging
 I - 3 scrolls of noise
 R - 3 scrolls of identify
Potions
 f - 9 potions of curing
 g - 3 potions of lignification
 h - 3 potions of agility
 l - a potion of ambrosia {unknown}
 p - 3 potions of haste
 t - 3 potions of brilliance
 v - 3 potions of flight
 F - a potion of cancellation {unknown}
 J - 4 potions of poison {unknown}
Books
 u - a book of Dreams

   Spells                             Type                      Level
   a - Ensorcelled Hibernation        Hexes/Ice                    2
   b - Phase Shift                    Translocation                5
   c - Shadow Creatures               Summoning                    5
   d - Silence                        Hexes/Air                    5
   e - Darkness                       Hexes                        6
   f - Mass Confusion                 Hexes                        6
 w - a Grand Grimoire

   Spells                             Type                      Level
   a - Monstrous Menagerie            Summoning                    6
   b - Summon Greater Demon           Summoning                    7
   c - Malign Gateway                 Summoning/Translocation      7
   d - Summon Horrible Things         Summoning                    8
 A - a book of Conjurations

   Spells                             Type                      Level
   a - Magic Dart                     Conjuration                  1
   b - Searing Ray                    Conjuration                  2
   c - Dazzling Spray                 Conjuration/Hexes            3
   d - Fulminant Prism                Conjuration/Hexes            4
   e - Iskenderun's Mystic Blast      Conjuration                  4
   f - Iskenderun's Battlesphere      Conjuration/Charms           5
 U - a book of Geomancy

   Spells                             Type                      Level
   a - Sandblast                      Earth                        1
   b - Stoneskin                      Transmutation/Earth          2
   c - Passwall                       Transmutation/Earth          3
   d - Stone Arrow                    Conjuration/Earth            3
   e - Petrify                        Transmutation/Earth          4
   f - Lee's Rapid Deconstruction     Earth                        5
Comestibles
 d - 2 fruits
 e - 13 bread rations
 n - 6 meat rations
 z - 10 beef jerkies


   Skills:
 + Level 10.5 Fighting
 + Level 12.3 Maces & Flails
 + Level 11.0 Armour
 + Level 9.4 Dodging
 + Level 2.3 Stealth
 + Level 14.8 Shields
 + Level 0.4 Invocations
 + Level 0.5 Evocations


You had 11 spell levels left.
You didn't know any spells.

Dungeon Overview and Level Annotations

Branches:
Dungeon (12/15)            Temple (1/1) D:7            Lair (1/8) D:9
    Orc (0/4) D:11

Altars:
Ashenzari
Elyvilon
Fedhas
Gozag
Kikubaaqudgha
Makhleb
Nemelex Xobeh
Okawaru
Qazlal
Ru
Sif Muna
Trog
Vehumet
Xom
Yredelemnul
Zin
The Shining One

Annotations:
Lair:1 exclusion: oklob plant


Innate Abilities, Weirdness & Mutations

You reflexively headbutt those who attack you in melee.
You have a pair of horns on your head.
Your mind is acute. (Int +2)
You are clumsy. (Dex -2)
Your flesh is cold resistant.
You are resistant to electric shocks.
You can spit weak poison.


Message History

You hit the oklob plant.
The oklob plant is almost destroyed.
You hit the oklob plant but do no damage.
You headbutt the oklob plant, but do no damage.
The oklob plant is almost destroyed.
You hit the oklob plant but do no damage.
You headbutt the oklob plant.
The oklob plant is almost destroyed.
The oklob plant spits acid at you. The splash of acid hits you!
* * * LOW HITPOINT WARNING * * *
The acid burns!
* * * LOW HITPOINT WARNING * * *
You hit the oklob plant.
The oklob plant is almost destroyed.
The oklob plant spits acid at you. The splash of acid hits you!
* * * LOW HITPOINT WARNING * * *
The acid corrodes you!
The acid burns!
You die...

.........##............... .
.........####..###........ ..
P##...#.# #####.........
...##.....## #..........
..........# #.......P.#
#......### ###........
#..#....##### ###....#..
#..##.#.#P(?######.....##.. #
#..####.#.@(##..........#..
.#P###......##)$?##.............
............####.#..............
##.....#######.###.##......#..
.##....P##...#.###..........#..
.........#...###.#..............
(...............................
................................
...........†....................


You could see an oklob plant.

Vanquished Creatures
  A frost giant (IceCv)
  Maud (D:10)
  A wizard (D:11)
  An unseen horror (D:11)
  An ice statue (IceCv)
  A hill giant (D:12)
  A tengu conjurer (D:11)
  A komodo dragon (D:12)
  3 trolls
  The ghost of karlkraus the Shield-Bearer, an average MiFi (D:5)
  20 polar bears (IceCv)
  A two-headed ogre (D:11)
  4 slime creatures (D:12)
  4 blink frogs (Lair:1)
  A deep elf mage (D:12)
  A trapdoor spider (D:11)
  3 vampire mosquitoes (D:12)
  31 yaks
  Eustachio (D:4)
  3 hippogriffs
  2 hungry ghosts
  A wyvern (D:12)
  Menkaure (D:7)
  19 wolves (IceCv)
  5 orc warriors
  3 porcupines
  A water moccasin (Lair:1)
  A black bear (D:6)
  A phantom (D:5)
  2 sky beasts
  2 ice beasts
  A necrophage (D:6)
  6 centaurs
  3 crocodiles
  4 ogres
  A big kobold (D:12)
  10 giant frogs
  2 scorpions
  A water moccasin skeleton (D:6)
  9 killer bees
  9 wights
  3 centaur zombies
  9 crimson imps
  4 centaur skeletons
  3 jellies
  Crazy Yiuf (D:3)
  Ijyb (D:3)
  10 orc priests
  2 giant frog skeletons
  2 iguanas
  Jessica (D:3)
  10 orc wizards
  13 hounds
  2 worker ants
  A big kobold zombie (Ossuary)
  2 hound skeletons
  4 mummies (Ossuary)
  10 river rats (Lair:1)
  10 gnolls
  11 adders
  6 shadow imps
  12 white imps
  An adder skeleton (D:8)
  2 worms
  40 orcs
  A ball python (D:1)
  3 giant cockroaches
  4 hobgoblins
  6 jackals
  9 kobolds
  2 quokkas
  A ball python zombie (D:5)
  11 bats
  6 giant geckos
  2 giant gecko skeletons
  5 giant newts
  9 goblins
  3 goblin zombies
  2 hobgoblin zombies (Ossuary)
  An orc zombie (Ossuary)
  A quokka skeleton (D:9)
  11 rats
  A rat zombie (D:7)
  2 fungi
  A plant (D:9)
406 creatures vanquished.

Vanquished Creatures (collateral kills)
  A polar bear (IceCv)
1 creature vanquished.

Vanquished Creatures (others)
  A yak (IceCv)
  A wolf (IceCv)
  An orc (D:11)
3 creatures vanquished.

Grand Total: 410 creatures vanquished

Notes
Turn   | Place    | Note
--------------------------------------------------------------
     0 | D:1      | karlkraus the Minotaur Fighter began the quest for the Orb.
     0 | D:1      | Reached XP level 1. HP: 19/19 MP: 0/0
    91 | D:1      | Reached skill level 4 in Armour
    92 | D:1      | Reached XP level 2. HP: 27/27 MP: 1/1
   628 | D:2      | Reached XP level 3. HP: 13/33 MP: 2/2
   785 | D:2      | Found a shimmering altar of Xom.
  1080 | D:3      | Reached XP level 4. HP: 38/40 MP: 3/3
  1122 | D:3      | Reached skill level 1 in Dodging
  1135 | D:3      | Noticed Jessica
  1142 | D:3      | Killed Jessica
  1338 | D:3      | Found a stormy altar of Qazlal.
  1401 | D:3      | Noticed Ijyb
  1415 | D:3      | Killed Ijyb
  1431 | D:3      | Noticed Crazy Yiuf
  1438 | D:3      | Killed Crazy Yiuf
  1438 | D:3      | Reached XP level 5. HP: 38/47 MP: 4/4
  1762 | D:4      | Noticed an ice beast
  1772 | D:4      | Killed an ice beast
  1772 | D:4      | Reached skill level 5 in Shields
  1772 | D:4      | Reached XP level 6. HP: 6/53 MP: 5/5
  1993 | D:4      | Reached skill level 5 in Armour
  2019 | D:4      | Noticed Eustachio
  2081 | D:4      | HP: 2/55 [white imp/puff of frost[Eustachio] (10)]
  2091 | D:4      | Killed Eustachio
  2091 | D:4      | Reached XP level 7. HP: 20/60 MP: 6/6
  2361 | D:4      | Reached skill level 5 in Fighting
  2387 | D:4      | Found a sparkling altar of Nemelex Xobeh.
  2437 | D:4      | Reached skill level 6 in Shields
  2615 | D:4      | Noticed an ogre
  2620 | D:4      | Killed an ogre
  2620 | D:4      | Reached skill level 5 in Maces & Flails
  2632 | D:4      | Found a blossoming altar of Fedhas.
  2965 | D:5      | Entered Level 5 of the Dungeon
  2981 | D:5      | Noticed karlkraus's ghost (average MiFi)
  2995 | D:5      | Killed karlkraus's ghost
  2995 | D:5      | Reached XP level 8. HP: 51/68 MP: 7/7
  3147 | D:5      | Reached skill level 7 in Shields
  3168 | D:5      | Reached skill level 5 in Dodging
  3331 | D:5      | Got a fine chain mail
  3342 | D:5      | Identified the cursed +1 chain mail of Dyhip {-Cast Regen+ MP+9 Str+5} (You found it on level 5 of the Dungeon)
  4022 | D:6      | Reached XP level 9. HP: 45/75 MP: 8/8
  4042 | D:6      | Reached skill level 8 in Shields
  4083 | D:6      | Found an iron altar of Okawaru.
  4368 | D:6      | Found a radiant altar of Vehumet.
  4368 | D:6      | Found a shattered altar of Ashenzari.
  4369 | D:6      | Found an ancient bone altar of Kikubaaqudgha.
  4425 | D:7      | Found a sand-covered staircase.
  4503 | Ossuary  | Entered an ossuary
  4867 | D:7      | Noticed Menkaure
  4872 | D:7      | Killed Menkaure
  4875 | D:7      | Reached skill level 9 in Shields
  5004 | D:7      | You fall through a shaft for 2 floors!
  5039 | D:9      | Found a staircase to the Lair.
  5269 | D:7      | Found a staircase to the Ecumenical Temple.
  5299 | D:7      | Found a sacrificial altar of Ru.
  5307 | D:7      | Found a glowing golden altar of the Shining One.
  5311 | D:7      | Found an opulent altar of Gozag.
  5648 | Temple   | Entered the Ecumenical Temple
  5689 | Temple   | Became a worshipper of Makhleb the Destroyer
  5896 | D:8      | Reached XP level 10. HP: 86/86 MP: 9/9
  5934 | D:8      | Found a glowing silver altar of Zin.
  5983 | D:8      | Reached skill level 10 in Shields
  6228 | D:8      | Gained mutation: You can spit weak poison. [mutagenic meat]
  6229 | D:8      | Gained mutation: You are clumsy. (Dex -2) [mutagenic meat]
  6230 | D:8      | Gained mutation: Your flesh is cold resistant. [mutagenic meat]
  6799 | D:9      | Found an iron altar of Okawaru.
  6899 | D:10     | Entered Level 10 of the Dungeon
  6983 | D:10     | Acquired Makhleb's first power
  7031 | D:10     | Noticed Maud
  7083 | D:10     | Killed Maud
  7083 | D:10     | Reached skill level 1 in Stealth
  7083 | D:10     | Reached skill level 11 in Shields
  7156 | D:10     | Found a blossoming altar of Fedhas.
  7798 | D:11     | Acquired Makhleb's second power
  7810 | D:11     | HP: 4/90 [orc warrior/hand axe (6)]
  7950 | D:12     | Gained mutation: Your mind is acute. (Int +2) [potion of beneficial mutation]
  7951 | D:12     | Gained mutation: You are resistant to electric shocks. [potion of beneficial mutation]
  7964 | D:12     | Reached XP level 11. HP: 95/95 MP: 10/10
  8065 | D:11     | Found a staircase to the Orcish Mines.
  8234 | D:11     | Found a frozen archway.
  8261 | IceCv    | Entered an ice cave
  8274 | IceCv    | Reached skill level 12 in Shields
  8302 | IceCv    | Reached skill level 10 in Maces & Flails
  8312 | IceCv    | Acquired Makhleb's third power
  8456 | IceCv    | Noticed an ice statue
  8481 | IceCv    | Killed an ice statue
  8486 | IceCv    | Got a heavily runed wooden ring
  8553 | IceCv    | Reached skill level 10 in Armour
  8642 | IceCv    | Reached skill level 13 in Shields
  8778 | IceCv    | Acquired Makhleb's fourth power
  8833 | IceCv    | Reached XP level 12. HP: 104/104 MP: 11/11
  8909 | IceCv    | Noticed a frost giant
  8941 | IceCv    | Killed a frost giant
  9079 | IceCv    | Got an ancient ring mail
  9080 | IceCv    | Identified the cursed +1 ring mail of the Lotus Blossom {rN+++ Int-4 Dex+2 SInv} (You found it in an ice cave)
  9371 | D:11     | Reached skill level 14 in Shields
  9406 | D:11     | Noticed an unseen horror
  9418 | D:11     | Killed an unseen horror
  9658 | D:11     | Noticed a wizard
  9674 | D:11     | Killed a wizard
  9951 | D:12     | Reached skill level 10 in Fighting
 10116 | D:12     | Noticed a hill giant
 10126 | D:12     | Killed a hill giant
 10338 | D:12     | Acquired Makhleb's fifth power
 10752 | Lair:1   | Entered Level 1 of the Lair of Beasts
 11062 | Lair:1   | HP: 1/107 [oklob plant/splash of acid (13)]
 11062 | Lair:1   | Splashed by an oklob plant's acid

Vault maps used:
D:1:      noname_arrival_rooms_in_the_neighbourhood
D:2:      xom_butterflies, first_bread
D:3:      nicolae_qazlal_eye_of_the_storm, minmay_misc_feat_room,
          uniq_crazy_yiuf_cottage, uniq_iyjb, uniq_jessica
D:4:      nicolae_overflow_crystal_walls, kennysheep_mini_moat,
          serial_bayou_lagoon_a, uniq_eustachio
D:6:      gammafunk_temple_overflow_forgotten, lemuel_statue_altar
D:7:      minmay_overflow_temple_star_quad, minmay_temple_entry_hall,
          enter_ossuary_4, uniq_menkaure
D:8:      lemuel_round_altar, grunt_ogre_cave
D:9:      lemuel_crystal_altar, due_lair_maze_entry_diamond
D:10:     basic_altar, uniq_maud
D:11:     erik_orc_4, portal_ice_cave_entry_imps, lightli_wizard_tower
Temple:   nicolae_temple_great_sept
Lair:1:   minmay_lair_oklob_items, uniq_grum
Ossuary:  ossuary_crypta
IceCv:    ice_cave_caverns_02

Action                   |  1- 3 |  4- 6 |  7- 9 | 10-12 || total
-------------------------+-------+-------+-------+-------++-------
Melee: Flail             |    82 |   108 |   142 |       ||   332
       Mace              |       |       |   297 |  1112 ||  1409
Invok: Lesser Servant of |       |       |       |     1 ||     1
Evoke: Wand              |       |       |       |     4 ||     4
  Use: Potion            |       |     3 |     2 |     7 ||    12
       Scroll            |       |       |    19 |    11 ||    30
 Stab: Invisible         |       |       |       |    11 ||    11
  Eat: Chunk             |       |     4 |     9 |    24 ||    37
       Pizza             |       |       |     1 |       ||     1
       Beef jerky        |       |       |     1 |       ||     1
